 Dungeon Crawl Stone Soup version 0.23.1-37-gaa34b87 (webtiles) character file.

Game seed: 2787188936897317500

581 vishdafish the Changer (level 7, -4/43 HPs)
             Began as an Octopode Transmuter on Mar 20, 2019.
             Slain by an orc
             ... wielding a +0 hand axe
              (7 damage)
             ... on level 5 of the Dungeon on Mar 21, 2019.
             The game lasted 00:06:43 (4296 turns).

vishdafish the Changer (Octopode Transmuter)        Turns: 4296, Time: 00:06:44

Health: -4/43      AC:  1    Str: 11    XL:     7   Next: 36%
Magic:  10/10      EV: 14    Int: 15    God:
Gold:   162        SH:  0    Dex: 13    Spells: 2/10 levels left

rFire    . . .     SeeInvis .     - Unarmed
rCold    . . .     Gourm    .   (no shield)
rNeg     . . .     Faith    .   (helmet restricted)
rPois    .         Spirit   .   (no amulet)
rElec    .         Reflect  .   f - ring of resist corrosion
rCorr    +         Harm     .   m - +1 ring of evasion
MR       .....                  (no ring)
Stlth    +++.......             (no ring)
HPRegen  0.14/turn              (no ring)
MPRegen  0.12/turn              (no ring)
                                (no ring)
                                (no ring)

@: no status effects
A: almost no armour, stealthy swim, amphibious, 8 rings, constrict 8, camouflage
1, gelatinous body 1
a: no special abilities


You were on level 5 of the Dungeon.
You were not hungry.

You visited 1 branch of the dungeon, and saw 5 of its levels.

You collected 162 gold pieces.

Inventory:

Missiles
 a - 21 arrows
 g - a silver tomahawk (quivered)
Jewellery
 f - a ring of resist corrosion (left tentacle)
 m - a +1 ring of evasion (right tentacle)
Wands
 n - a wand of digging (6)
Scrolls
 d - 7 scrolls of remove curse {unknown}
 e - a scroll of random uselessness {unknown}
 h - a scroll of fog {unknown}
 k - 5 scrolls of identify {unknown}
 l - a scroll of immolation {unknown}
 o - 3 scrolls of teleportation {unknown}
 q - 2 scrolls of fear {unknown}
 r - 3 scrolls of amnesia {unknown}
Potions
 b - a potion of heal wounds {unknown}
 i - 6 potions of curing {unknown}
 j - 3 potions of might {unknown}
 p - a potion of agility {unknown}
 s - a potion of haste {unknown}
 t - a potion of ambrosia {unknown}
 u - a potion of magic {unknown}
Comestibles
 c - 6 rations


   Skills:
 - Level 1.0 Fighting
 - Level 2.2 Dodging
 - Level 1.0 Stealth
 - Level 4.2 Unarmed Combat
 - Level 2.3 Spellcasting
 + Level 7.0 Transmutations


You had 2 spell levels left.
You knew the following spells:

 Your Spells              Type           Power        Failure   Level  Hunger
a - Beastly Appendage     Tmut           ###...       1%          1    #......
b - Sticks to Snakes      Tmut           ###.....     1%          2    ###....
c - Blade Hands           Tmut           ###.......   32%         5    ######.

Your spell library contained the following spells:

 Spells                   Type           Power        Failure   Level  Hunger
 Spider Form              Tmut/Pois      ##........   16%         3    ###....
 Ice Form                 Ice/Tmut       ##......     45%         4    #####..


Dungeon Overview and Level Annotations

Branches:
Dungeon (5/15)
 Temple: D:4-7

Altars:
Elyvilon
The Shining One


Innate Abilities, Weirdness & Mutations

You cannot wear most types of armour.
You are very stealthy in the water. (Stealth+)
You are amphibious.
You can wear up to eight rings at the same time.
You can use your tentacles to constrict eight enemies at once.
Your skin changes colour to match your surroundings (Stealth+).
Your rubbery body absorbs attacks. (AC +1, EV +1)


Message History

The orc closely misses you.
You bludgeon the ogre! You squeeze the ogre!
The ogre is almost dead.
The orc completely misses you.
You closely miss the ogre.
The ogre is almost dead.
The ogre hits you with a +0 giant club!!
* * * LOW HITPOINT WARNING * * *
The orc completely misses you.
You are too injured to fight recklessly!
You are too injured to fight recklessly!
You are too injured to fight recklessly!
You are too injured to fight recklessly!
Unknown command.
The orc closely misses you.
Okay, then.
There is a stone staircase leading up here.
Okay, then.
The orc hits you with a +0 hand axe!
You die...

#. #......# #.
#......# #. #......#
#. #......# #####.
###......##
#.)...###...(......
##..............#
..........@..##.###
#..##....Oo.........
..........o..##.....
...##..>............
......#(...####.#...
...#.......>###.....
#...#.###...........
#.#..........#.....
###.............


You could see an ogre and 2 orcs.

Vanquished Creatures
  A hornet zombie (D:4)
  An ogre (D:4)
  A crimson imp (D:5)
  2 orc wizards
  An orc priest (D:5)
  An iguana (D:4)
  2 worker ants
  A gnoll (D:1)
  3 adders
  2 shadow imps (D:5)
  4 worms
  3 dart slugs
  2 orcs (D:3)
  A ball python (D:1)
  5 giant cockroaches
  3 goblins
  4 hobgoblins
  5 jackals
  3 kobolds
  2 quokkas
  5 bats (D:1)
  3 frilled lizards (D:2)
  2 jackal skeletons
  7 rats
64 creatures vanquished.

Vanquished Creatures (collateral kills)
  2 ogres (D:4)
  A worm (D:4)
3 creatures vanquished.

Grand Total: 67 creatures vanquished

Notes
Turn   | Place    | Note
-------+----------+-------------------------------------------
     0 | D:1      | vishdafish the Octopode Transmuter began the quest for the
                  | Orb.
     0 | D:1      | Reached XP level 1. HP: 13/13 MP: 3/3
    82 | D:1      | Reached XP level 2. HP: 18/18 MP: 5/5
   623 | D:1      | Reached XP level 3. HP: 17/23 MP: 6/6
  1536 | D:2      | Reached skill level 1 in Stealth
  1536 | D:2      | Reached XP level 4. HP: 24/28 MP: 5/7
  1603 | D:2      | Learned a level 2 spell: Sticks to Snakes
  1721 | D:2      | Found a glowing golden altar of the Shining One.
  2105 | D:3      | Reached skill level 3 in Transmutations
  2172 | D:3      | Found a white marble altar of Elyvilon.
  2282 | D:3      | Reached XP level 5. HP: 17/33 MP: 8/8
  2593 | D:4      | Noticed an ogre
  2608 | D:4      | Killed an ogre
  2608 | D:4      | Reached skill level 4 in Transmutations
  2622 | D:4      | Noticed an ogre
  2629 | D:4      | Killed an ogre
  2629 | D:4      | Reached skill level 5 in Transmutations
  2629 | D:4      | Reached XP level 6. HP: 30/38 MP: 3/9
  3517 | D:4      | Learned a level 5 spell: Blade Hands
  3750 | D:4      | Reached skill level 6 in Transmutations
  3750 | D:4      | Reached XP level 7. HP: 23/43 MP: 4/10
  4221 | D:5      | Entered Level 5 of the Dungeon
  4281 | D:5      | Reached skill level 7 in Transmutations
  4287 | D:5      | HP: 2/43 [ogre/+0 giant club (20)]
  4296 | D:5      | Slain by an orc

Skill      XL: |  1  2  3  4  5  6  7 |
---------------+----------------------+-----
Unarmed Combat | 4 |  4.2
Stealth        | 1 |  1.0
Transmutations | 3 5 6 7 |  7.0
Fighting       | |  1.0
Dodging        | |  2.2
Spellcasting   | |  2.3

Action                   |  1- 3 |  4- 6 |  7- 9 || total
-------------------------+-------+-------+-------++-------
Melee: Unarmed           |    80 |    67 |    41 ||   188
       Constrict         |    20 |    14 |    10 ||    44
       Tentacles         |    11 |    10 |     8 ||    29
       Kick              |     5 |     2 |       ||     7
       Punch             |     2 |     3 |       ||     5
Throw: Tomahawk          |     2 |     7 |     2 ||    11
 Cast: Beastly Appendage |     3 |     1 |       ||     4
       Sticks to Snakes  |       |    11 |       ||    11
       Blade Hands       |       |     1 |       ||     1
 Stab: Sleeping          |     3 |     6 |       ||     9
       Distracted        |       |     1 |       ||     1
  Eat: Chunk             |     1 |     4 |     3 ||     8
       Ration            |       |     1 |       ||     1
Armor: Skin              |     8 |     4 |     1 ||    13
Dodge: Dodged            |    55 |    34 |    31 ||   120
